 Dungeon Crawl Stone Soup version 0.18.1-5-g4a78601 (webtiles) character file.

103 kae the Chopper (level 4, 0/40 HPs)
             Began as a Deep Dwarf Fighter on May 10, 2016.
             Slain by an iron imp (9 damage)
             ... summoned by Natasha
             ... on level 2 of the Dungeon.
             The game lasted 00:01:20 (572 turns).

kae the Chopper (Deep Dwarf Fighter)                 Turns: 572, Time: 00:01:21

Health: 0/40       AC: 12    Str: 20    XL:     4   Next: 51%
Magic:  4/4        EV: 17    Int:  8    God:
Gold:   27         SH:  0    Dex: 13    Spells: 0 memorised, 3 levels left

rFire  . . .     SeeInvis .     (weapon currently unavailable)
rCold  + . .     Gourm    .     (armour currently unavailable)
rNeg   + + +     Faith    .     (shield currently unavailable)
rPois  +         Spirit   .     (no helmet)
rElec  .         Dismiss  .     (cloak currently unavailable)
rCorr  .         Reflect  .     (gloves currently unavailable)
SustAt .         Harm     .     (boots currently unavailable)
MR     .....                    (no amulet)
Stlth  +.........               (no ring)
                                n - ring of protection from cold

@: fungus-form, non-regenerating, slowed, very slow, not resistant to hostile
enchantments, very unstealthy
A: damage resistance, recharge devices, sense surroundings 1, slow regeneration
3
a: Device Recharging


You were on level 2 of the Dungeon.
You were not hungry.
You were a sentient fungus.
You visited 1 branch of the dungeon, and saw 2 of its levels.

You collected 27 gold pieces.

Inventory:

Hand Weapons
 a - a +0 war axe (melded)
Armour
 b - a +0 scale mail (melded)
 c - a +0 shield (melded)
Jewellery
 n - a ring of protection from cold (left hypha)
Wands
 e - a wand of heal wounds (4/9)
Scrolls
 h - 2 scrolls of identify {unknown}
 i - a scroll of random uselessness {unknown}
 l - a scroll of fear {unknown}
 p - a scroll of blinking {unknown}
 q - a scroll of amnesia {unknown}
 r - a scroll of remove curse {unknown}
Potions
 d - a potion of might
 g - a potion of curing
 k - a potion of mutation {unknown}
 m - a potion of flight {unknown}
 o - a potion of heal wounds {unknown}
Comestibles
 f - a bread ration
 j - 2 meat rations


   Skills:
 - Level 2.6 Fighting
 + Level 5.3 Axes
 - Level 3.2 Armour
 - Level 3.2 Shields


You had 3 spell levels left.
You didn't know any spells.

Dungeon Overview and Level Annotations

Branches:
Dungeon (2/15)

Altars:
Cheibriados

Annotations:
D:2 Natasha, Robin


Innate Abilities, Weirdness & Mutations

You are resistant to damage.
You can recharge devices by infusing magical energy.
You passively map a small area around you.
You do not regenerate naturally.


Message History

The hobgoblin hits you but does no damage.
A rat comes into view.
You're too terrified to move while being watched!
Unknown command.
You're too terrified to move while being watched!
Really attack barehanded?
Okay, then.
Really attack barehanded?
Okay, then.
You're too terrified to move while being watched!
Unknown command.
The jackal closely misses you. Natasha casts a spell at you.
You feel as though you will be slow longer.
Robin roars a battlecry!
The hobgoblins go into a battle-frenzy!
Robin hits you from afar with a spear.
* * * LOW HITPOINT WARNING * * *
The iron imp hits you!
You die...

########### ,
,.........# *
#....$..### *
##...8.....##########
#...8.8..#.......>..# ,
#..8._)8...[......#>#
##.#.gg8.8...#######.#.#
gr.g..hf8....# #.#.# ,,
##.##.hh5....# #.#.#
.........#.#.# #.#.#
.######.##.#.# #.#..
?......# #.... * * ,, ,
.... .## ####. * * ....
* * .. * * *,.#..# , ,
... ,, * * ##..


You could see an iron imp, Robin, Natasha, 2 jackals, 3 hobgoblins and a rat
(wandering).

Vanquished Creatures
  Natasha (twice) (D:2)
  An adder (D:2)
  An ooze (D:1)
  A worm (D:2)
  4 dart slugs
  6 bats
  A giant cockroach (D:1)
  3 hobgoblins (D:1)
  A ball python (D:1)
  2 giant newts
  6 goblins
  6 kobolds
  2 rats
36 creatures vanquished.

Notes
Turn   | Place    | Note
--------------------------------------------------------------
     0 | D:1      | kae the Deep Dwarf Fighter began the quest for the Orb.
     0 | D:1      | Reached XP level 1. HP: 20/20 MP: 1/1
    58 | D:1      | Reached skill level 3 in Axes
    58 | D:1      | Reached XP level 2. HP: 27/27 MP: 2/2
   349 | D:2      | Found a snail-covered altar of Cheibriados.
   367 | D:2      | Reached XP level 3. HP: 30/33 MP: 3/3
   371 | D:2      | Noticed Natasha
   381 | D:2      | Killed Natasha
   381 | D:2      | Reached skill level 4 in Axes
   432 | D:2      | Reached XP level 4. HP: 26/40 MP: 4/4
   520 | D:2      | Found a faded altar to an unknown god.
   534 | D:2      | Noticed Natasha
   545 | D:2      | Killed Natasha
   545 | D:2      | Reached skill level 5 in Axes
   563 | D:2      | Noticed Natasha
   568 | D:2      | Noticed Robin
   572 | D:2      | Slain by an iron imp

Skill      XL: |  1  2  3  4 |
---------------+-------------+-----
Axes           | 3 4 5 |  5.3
Fighting       | |  2.6
Armour         | |  3.2
Shields        | |  3.2

Action                   |  1- 3 |  4- 6 || total
-------------------------+-------+-------++-------
Melee: War axe           |    69 |    36 ||   105
Evoke: Wand              |       |     1 ||     1
Armor: Scale mail        |    36 |    20 ||    56
       Skin              |       |     3 ||     3
Dodge: Dodged            |    23 |    11 ||    34
Block: Shield            |    30 |    24 ||    54
